 Dungeon Crawl Stone Soup version 0.17-a0-776-gd86b262 (webtiles) character file.

991 Hanyuu the Insei (level 8, -1/51 HPs)
             Began as an Octopode Transmuter on Apr 24, 2015.
             Slain by a giant frog skeleton (2 damage)
             ... on level 5 of the Dungeon.
             The game lasted 00:30:17 (5327 turns).

Hanyuu the Insei (Octopode Transmuter)              Turns: 5327, Time: 00:30:18

Health: -1/51      AC:  1    Str:  9    XL:     8   Next: 18%
Magic:  11/11      EV: 14    Int: 15    God:
Gold:   155        SH:  0    Dex: 15    Spells: 3 memorised, 5 levels left

rFire  . . .     SeeInvis .       - Unarmed
rCold  . . .     Clarity  .     (no shield)
rNeg   . . .     SustAb   +     (helmet restricted)
rPois  +         Gourm    .     (no amulet)
rElec  .         Spirit   .     (no ring)
rCorr  .         Warding  .     p - ring of sustain abilities
rMut   .         Stasis   .     o - ring of poison resistance
MR     +....                    u - ring of stealth
Stlth  +++.......               z - ring of protection from magic
                                (no ring)
                                (no ring)
                                (no ring)

@: somewhat resistant to hostile enchantments, fairly stealthy
A: almost no armour, amphibious, 8 rings, constrict 8, camouflage 1, gelatinous
body 1
a: no special abilities


You were on level 5 of the Dungeon.
You were very hungry.

You visited 1 branch of the dungeon, and saw 5 of its levels.

You collected 155 gold pieces.

Inventory:

Missiles
 a - 36 arrows
 E - 11 poisoned arrows
Jewellery
 k - an uncursed ring of ice
 o - a ring of poison resistance (on tentacle)
 p - a ring of sustain abilities (right tentacle)
 u - a ring of stealth (on tentacle)
 z - a ring of protection from magic (on tentacle)
 B - an uncursed ring of ice
Scrolls
 f - 2 scrolls of amnesia
 h - a scroll of immolation
 i - 3 scrolls of identify {unknown}
 j - a scroll of teleportation
 r - a scroll of remove curse
 t - 2 scrolls of enchant armour {unknown}
 A - a scroll of enchant weapon {unknown}
Potions
 e - a potion of degeneration {unknown}
 g - 2 potions of cancellation {unknown}
 l - 2 potions of brilliance {unknown}
 s - a potion of lignification {unknown}
 v - a potion of magic {unknown}
 w - a potion of resistance {unknown}
 C - a potion of curing
Books
 b - a book of Changes

   Spells                             Type                      Level
   a - Beastly Appendage              Transmutation                1
   b - Sticks to Snakes               Transmutation                2
   c - Spider Form                    Transmutation/Poison         3
   d - Ice Form                       Ice/Transmutation            4
   e - Blade Hands                    Transmutation                5
Comestibles
 c - 6 bread rations
 d - a fruit
 m - a meat ration
 x - a beef jerky


   Skills:
 + Level 2.8 Fighting
 - Level 4.0 Dodging
 * Level 7.9 Unarmed Combat
 - Level 2.0 Spellcasting
 - Level 3.7 Transmutations


You had 5 spell levels left.
You knew the following spells:

 Your Spells              Type           Power        Failure   Level  Hunger
a - Beastly Appendage     Trmt           ##....       6%          1    #......
b - Sticks to Snakes      Trmt           ##........   10%         2    ###....
c - Spider Form           Trmt/Pois      #.........   34%         3    ###....


Dungeon Overview and Level Annotations

Branches:
Dungeon (5/15)
 Temple: D:4-7

Altars:
Ashenzari
Ru

Annotations:
D:4 Pikel
D:5 Sigmund


Innate Abilities, Weirdness & Mutations

You cannot wear most types of armour.
You are amphibious.
You can wear up to eight rings at the same time.
You can use your tentacles to constrict eight enemies at once.
Your skin changes colour to match your surroundings (Stealth).
Your rubbery body absorbs attacks (AC +1).


Message History

You tentacle-slap the bat. Your grab misses the bat.
Your squeeze misses the bat.
The bat is moderately wounded.
The bat closely misses you. The giant frog skeleton hits you.
* * * LOW HITPOINT WARNING * * *
You tentacle-slap the bat but do no damage.
You grab the bat. You squeeze the bat.
You kill the bat!
The giant frog skeleton hits you.
* * * LOW HITPOINT WARNING * * *
You bludgeon the giant frog skeleton! You grab the giant frog skeleton.
You constrict the giant frog skeleton. The giant frog skeleton hits you.
* * * LOW HITPOINT WARNING * * *
You bludgeon the giant frog skeleton! You squeeze the giant frog skeleton.
You constrict the giant frog skeleton. The giant frog skeleton hits you!
* * * LOW HITPOINT WARNING * * *
Unknown command.
You release your grip on the giant frog skeleton.
The giant frog skeleton hits you.
You die...

.............#
............##
............#
............#####
..................
.............####.
.%..........###
...........##
.........@##
.........Z.#
.......%...#
...........#
.......#...#
.......#...).
......###......
....# ###... ..#
##


You could see a giant frog skeleton.

Vanquished Creatures
  Eustachio (D:4)
  A slave (D:5)
  An ogre (D:4)
  A crimson imp (D:5)
  2 gnoll shamans (D:3)
  4 orc wizards (D:3)
  A worker ant (D:4)
  An orc priest (D:4)
  Robin (D:2)
  5 adders
  29 gnolls (D:3)
  A shadow imp (D:5)
  An ooze (D:2)
  2 worms
  2 giant geckos
  15 orcs
  A ball python (D:4)
  14 goblins
  14 hobgoblins
  28 jackals
  12 kobolds
  A quokka (D:4)
  10 bats
  4 giant cockroaches
  9 giant newts
  6 rats
167 creatures vanquished.

Vanquished Creatures (collateral kills)
  An ogre (D:3)
  An orc (D:3)
2 creatures vanquished.

Grand Total: 169 creatures vanquished

Notes
Turn   | Place    | Note
--------------------------------------------------------------
     0 | D:1      | Hanyuu, the Octopode Transmuter, began the quest for the Orb.
     0 | D:1      | Reached XP level 1. HP: 13/13 MP: 3/3
   333 | D:1      | Reached XP level 2. HP: 18/18 MP: 5/5
   618 | D:1      | Reached skill level 4 in Unarmed Combat
   618 | D:1      | Reached XP level 3. HP: 15/23 MP: 6/6
  1052 | D:2      | Learned a level 2 spell: Sticks to Snakes
  1111 | D:2      | Noticed Robin
  1122 | D:2      | HP: 1/23 [goblin/dagger[Robin] (5)]
  1124 | D:2      | Killed Robin
  1124 | D:2      | Reached XP level 4. HP: 1/28 MP: 7/7
  1274 | D:2      | Reached skill level 5 in Unarmed Combat
  1719 | D:3      | Reached XP level 5. HP: 22/33 MP: 8/8
  2658 | D:3      | Reached XP level 6. HP: 35/38 MP: 9/9
  2815 | D:3      | Reached skill level 6 in Unarmed Combat
  2831 | D:3      | Noticed an ogre
  2867 | D:3      | Learned a level 3 spell: Spider Form
  2931 | D:3      | Killed an ogre
  3086 | D:3      | Reached XP level 7. HP: 27/43 MP: 10/10
  4368 | D:3      | Reached skill level 7 in Unarmed Combat
  4692 | D:4      | Found a shattered altar of Ashenzari.
  4700 | D:4      | Noticed Eustachio
  5212 | D:4      | Found a sacrificial altar of Ru.
  5226 | D:4      | Noticed Pikel
  5228 | D:4      | Killed Eustachio
  5228 | D:4      | Reached XP level 8. HP: 38/51 MP: 11/11
  5239 | D:5      | Entered Level 5 of the Dungeon
  5303 | D:5      | Noticed Sigmund
  5325 | D:5      | HP: 1/51 [giant frog skeleton (7)]
  5327 | D:5      | Slain by a giant frog skeleton

Action                   |  1- 3 |  4- 6 |  7- 9 || total
-------------------------+-------+-------+-------++-------
Melee: Unarmed           |    66 |   197 |   163 ||   426
Throw: Tomahawk          |       |     6 |     1 ||     7
       Throwing net      |       |       |     3 ||     3
 Cast: Beastly Appendage |     2 |     2 |     3 ||     7
       Sticks to Snakes  |       |     7 |     6 ||    13
       Spider Form       |       |       |     1 ||     1
  Use: Potion            |     1 |     1 |     2 ||     4
       Scroll            |       |     4 |     2 ||     6
 Stab: Sleeping          |     2 |     2 |     2 ||     6
       Distracted        |       |     5 |       ||     5
  Eat: Chunk             |       |     7 |     5 ||    12
       Fruit             |       |     1 |       ||     1
       Pizza             |       |       |     1 ||     1
